 Dungeon Crawl Stone Soup version 0.25.1-1-g288607f5aa (webtiles) character file.

Game seed: 14982544058590355801

236 Atelerd the Conjurer (level 6, -1/39 HPs)
             Began as an Octopode Conjurer on July 27, 2020.
             Killed from afar by an orc wizard (7 damage)
             ... with a magic dart
             ... on level 4 of the Dungeon.
             The game lasted 00:06:03 (4247 turns).

Atelerd the Conjurer (Octopode Conjurer)            Turns: 4247, Time: 00:06:04

Health: -1/39      AC: -3    Str:  7    XL:     6   Next: 6%
Magic:  2/11       EV: 17    Int: 20    God:
Gold:   134        SH:  0    Dex: 12    Spells: 4/12 levels left

rFire    . . .     SeeInvis +   j - +2 short sword (venom)
rCold    . . .     Gourm    .   (no shield)
rNeg     . . .     Faith    .   (helmet restricted)
rPois    +         Spirit   .   (no amulet)
rElec    .         Reflect  .   i - ring of poison resistance
rCorr    .         Harm     .   l - -4 ring of protection (curse)
MR       .....                  g - ring of see invisible
Stlth    ++........             u - +4 ring of evasion
HPRegen  0.13/turn              (no ring)
MPRegen  0.12/turn              (no ring)
                                (no ring)
                                (no ring)

@: confused, hasted, very quick
A: almost no armour, stealthy swim, amphibious, 8 rings, constrict 8, camouflage
1, gelatinous body 1
a: no special abilities


You were on level 4 of the Dungeon.
You were hungry.

You visited 1 branch of the dungeon, and saw 4 of its levels.

You collected 134 gold pieces.

Inventory:

Hand Weapons
 d - a +0 dagger
 j - a +2 short sword of venom (weapon)
 p - a cursed -1 dagger
Magical Staves
 n - an uncursed staff of earth
Jewellery
 g - a ring of see invisible (on tentacle)
 i - a ring of poison resistance (left tentacle)
 l - a cursed -4 ring of protection (right tentacle)
 u - a +4 ring of evasion (on tentacle)
Scrolls
 e - a scroll of teleportation
 f - a scroll of fear
 h - a scroll of noise
 r - 2 scrolls of identify
 s - a scroll of enchant armour {unknown}
Potions
 a - a potion of haste
 c - 2 potions of resistance {unknown}
 k - 3 potions of curing {unknown}
 m - a potion of brilliance {unknown}
 o - a potion of might {unknown}
 q - 2 potions of degeneration {unknown}
 v - a potion of heal wounds {unknown}
Comestibles
 b - 7 rations
 t - 8 chunks of flesh


   Skills:
 - Level 2.0 Fighting
 + Level 1.6 Short Blades
 - Level 2.0 Dodging
 + Level 3.9 Stealth
 * Level 3.7 Spellcasting
 - Level 4.1 Conjurations
 + Level 1.6 Hexes
 + Level 1.2 Translocations


You had 4 spell levels left.
You knew the following spells:

 Your Spells              Type           Power        Failure   Level  Hunger
a - Magic Dart            Conj           ###.         2%          1    None
b - Dazzling Flash        Conj/Hex       ###...       12%         3    ###....
c - Iskenderun's Mystic   Conj/Tloc      ##......     41%         4    ####...

Your spell library contained the following spells:

 Spells                   Type           Power        Failure   Level  Hunger
 Searing Ray              Conj           ###...       3%          2    ##.....
 Corona                   Hex            ##.....      7%          1    None
 Apportation              Tloc           #.....       8%          1    None
 Animate Skeleton         Necr           N/A          13%         1    None
 Summon Small Mammal      Summ           #...         13%         1    None
 Fulminant Prism          Conj/Hex       ###.......   38%         4    ####...


Dungeon Overview and Level Annotations

Branches:
Dungeon (4/15)
 Temple: D:4-7

Altars:
Dithmenos
Elyvilon
Fedhas

Annotations:
D:4 Eustachio


Innate Abilities, Weirdness & Mutations

You cannot wear most types of armour.
You are very stealthy in the water. (Stealth+)
You are amphibious.
You can wear up to eight rings at the same time.
You can use your tentacles to constrict eight enemies at once.
Your skin changes colour to match your surroundings (Stealth+).
Your rubbery body absorbs attacks. (AC +1, EV +1)


Message History

The orc is no longer blind.
The orc wizard barely misses you. x2
Unknown command.
Unknown command.
Unknown command.
Unknown command.
You release your grip on the orc wizard.
The iron imp hits you!
* * * LOW HITPOINT WARNING * * *
Eustachio hits you with a +0 rapier.
* * * LOW HITPOINT WARNING * * *
Some of the chunks of flesh in your inventory have rotted away.
Unknown command.
Unknown command.
Unknown command.
Okay, then.
It was a potion of haste.
You feel yourself speed up. Eustachio barely misses you.
The orc wizard casts a spell at you. The magic dart hits you!
You die...

.. .. .....
#.#.# #.#.##
####....##
.........######
#...o........
#..@@5# #.†oo##
#.#.## .. #.#
#. #.# # #.#
#.# #.# #.# #.#
#.#


You could see Eustachio (poisoned), an iron imp (summoned), 2 orc wizards and an
orc.

Vanquished Creatures
  An orc priest (D:4)
  An orc wizard (D:4)
  A worker ant (D:4)
  7 adders
  A worm (D:3)
  2 leopard geckos (D:1)
  6 orcs (D:4)
  9 giant cockroaches
  8 goblins
  5 hobgoblins
  3 jackals (D:2)
  15 kobolds
  3 quokkas
  8 bats
  7 frilled lizards
  8 rats
85 creatures vanquished.

Notes
Turn   | Place    | Note
-------+----------+-------------------------------------------
     0 | D:1      | Atelerd the Octopode Conjurer began the quest for the Orb.
     0 | D:1      | Reached XP level 1. HP: 11/11 MP: 3/3
   293 | D:1      | Reached XP level 2. HP: 18/18 MP: 5/5
   549 | D:1      | Reached skill level 1 in Fighting
   749 | D:1      | Reached XP level 3. HP: 23/23 MP: 1/6
  1155 | D:2      | Learned a level 3 spell: Dazzling Flash
  1744 | D:2      | Reached XP level 4. HP: 28/28 MP: 8/8
  1758 | D:2      | Learned a level 4 spell: Iskenderun's Mystic Blast
  2179 | D:2      | Reached skill level 1 in Short Blades
  2873 | D:3      | Found a white marble altar of Elyvilon.
  3370 | D:3      | Found a blossoming altar of Fedhas.
  3804 | D:3      | Reached skill level 1 in Hexes
  3804 | D:3      | Reached XP level 5. HP: 34/34 MP: 9/9
  4039 | D:4      | Found a shadowy altar of Dithmenos.
  4059 | D:4      | Reached skill level 1 in Translocations
  4230 | D:4      | Noticed Eustachio
  4241 | D:4      | Reached XP level 6. HP: 18/39 MP: 5/11
  4247 | D:4      | Killed from afar by an orc wizard

Illustrated notes

Levels and vault maps discovered:
D:1:      co_arrival_square_in_a_square_in_a_square, layout_loops_ring
D:2:      layout_loops_corners
D:3:      layout_basic, elyvilon_altar_5, first_ration, fedhas_altar_3
D:4:      layout_loops_ring, kennysheep_mini_moat, uniq_eustachio

Skill      XL: |  1  2  3  4  5 |
---------------+----------------+-----
Fighting       | 1 2 |  2.0
Stealth        | 3 |  3.9
Spellcasting   | 3 |  3.7
Short Blades   | 1 |  1.6
Hexes          | 1 |  1.6
Translocations | 1 |  1.2
Dodging        | |  2.0
Conjurations   | |  4.1

Action                   |  1- 3 |  4- 6 || total
-------------------------+-------+-------++-------
Melee: Dagger            |    26 |       ||    26
       Constrict         |    17 |    19 ||    36
       Tentacles         |     8 |    12 ||    20
       Unarmed           |     3 |       ||     3
       Short sword       |    32 |    84 ||   116
 Cast: Magic Dart        |    13 |    32 ||    45
       Dazzling Flash    |       |     3 ||     3
  Use: Scroll            |     3 |     4 ||     7
       Potion            |       |     1 ||     1
 Stab: Sleeping          |    18 |     7 ||    25
       Invisible         |       |     1 ||     1
  Eat: Chunk             |     3 |     7 ||    10
Armor: Skin              |     1 |       ||     1
Dodge: Dodged            |    29 |    86 ||   115
